Map: Tours du crépuscule

Players

SpiderCochon

  • Race: Zerg Zerg
  • League: Silver

pupu - Winner!

  • Race: Protoss Protoss
  • League: Silver

VOD

Have the link to the VOD?

Description

Time

  • Played on: April 11, 2016, 10:05 a.m.
  • Length: 10:57
Show
View Real Time Build Order
Export as new Build Order

SpiderCochon Zerg 

Build Orders: Pool First 

Get SALT Encoding   

  12  0:01  Drone  
  13  0:13  Overlord  
  13  0:17  Drone  
  14  0:35  Spawning Pool  
  13  0:38  Drone  
  13  0:42  Drone  
  15  0:46  Drone  
  16  0:50  Drone  
  17  1:06  Extractor  
  16  1:22  Queen  
  16  1:23  Zergling x6  
  21  1:45  Hatchery  
  21  1:46  Drone  
  22  1:47  Drone  
  22  2:08  Metabolic Boost  
  22  2:15  Evolution Chamber, Overlord  
  21  2:17  Overlord  
  18  2:48  Zerg Melee Weapons Level 1  
  18  2:49  Queen, Extractor  
  19  2:58  Drone x5  
  22  3:01  Drone  
  25  3:12  Queen  
  27  3:24  Zergling x6  
  30  3:40  Queen  
  32  3:42  Drone x2  
  34  3:49  Evolution Chamber  
  33  3:59  Zergling x8  
  37  4:07  Drone x2  
  39  4:10  Zergling x4  
  41  4:22  Zerg Ground Armor Level 1  
  41  4:36  Baneling Nest  
  40  4:45  Lair  
  40  4:47  Drone  
  40  4:48  Drone x3  
  40  4:51  Overlord  
  40  5:24  Baneling x4  
  40  5:25  Baneling x6  
  40  5:26  Baneling  
  40  5:29  Zergling x4  
  40  5:30  Zergling x4  
  40  5:32  Hatchery  
  43  5:42  Zerg Melee Weapons Level 2  
  43  5:51  Drone x2  
  43  5:52  Drone x3  
  43  5:56  Overlord  
  48  6:06  Zergling x6  
  51  6:13  Overlord  
  51  6:14  Overlord  
  51  6:15  Zergling x2  
  51  6:17  Zergling x2  
  44  6:33  Zergling x2  
  44  6:34  Zergling x14  
  44  6:35  Zergling x2  
  53  6:42  Centrifical Hooks  
  53  6:50  Zergling x8  
  54  6:57  Drone  
  42  7:21  Spore Crawler  
  36  7:27  Zergling x4  
  36  7:28  Zergling x14  
  36  7:29  Zergling x2  
  46  7:37  Drone  
  46  7:43  Drone  
  33  8:05  Spore Crawler  
  30  8:09  Drone x2  
  30  8:15  Zergling x8  
  30  8:16  Zergling x2  
  35  8:27  Drone  
  36  8:38  Drone x2  
  36  8:39  Drone  
  32  8:49  Drone x2  
  32  8:56  Zergling x2  
  18  9:34  Zergling x14  
  18  9:35  Zergling x6  
  9  10:14  Drone x2  
  6  10:32  Drone  
Show
View Real Time Build Order
Export as new Build Order

pupu Protoss - Winner!

Build Orders: 1 Gate Expand 

Get SALT Encoding   

  12  0:01  Probe (Chrono Boost)  
  13  0:11  Probe (Chrono Boost)  
  14  0:20  Pylon  
  14  0:22  Probe (Chrono Boost)  
  15  0:39  Probe (Chrono Boost), Gateway  
  16  0:49  Probe (Chrono Boost)  
  17  0:51  Assimilator  
  17  1:17  Nexus  
  17  1:19  Probe (Chrono Boost)  
  18  1:32  Cybernetics Core  
  18  1:39  Zealot (Chrono Boost)  
  20  1:46  Probe  
  21  1:53  Assimilator  
  21  1:58  Probe  
  22  2:14  Pylon  
  22  2:24  Warp Gate (Chrono Boost), Zealot (Chrono Boost)  
  22  2:29  Pylon, Mothership Core  
  21  2:50  Probe  
  21  2:51  Probe  
  22  2:57  Adept (Chrono Boost)  
  25  3:02  Probe  
  25  3:03  Probe  
  27  3:14  Probe  
  27  3:15  Probe  
  29  3:22  Gateway  
  31  3:27  Sentry (Chrono Boost)  
  31  3:28  Probe  
  31  3:30  Probe  
  33  3:40  Probe  
  34  3:42  Probe  
  35  3:52  Probe  
  35  3:54  Robotics Facility  
  35  3:55  Probe  
  37  4:01  Assimilator  
  37  4:04  Probe  
  37  4:07  Probe  
  39  4:16  Probe  
  40  4:19  Probe  
  41  4:25  Adept  
  41  4:26  Adept  
  41  4:28  Probe  
  46  4:31  Probe  
  46  4:35  Twilight Council  
  47  4:41  Probe, Pylon  
  47  4:43  Probe  
  49  4:53  Probe  
  49  4:56  Probe  
  51  5:05  Probe  
  51  5:06  Warp Prism (Chrono Boost)  
  52  5:08  Probe, Adept x2  
  59  5:14  Resonating Glaives (Chrono Boost)  
  59  5:17  Probe  
  59  5:20  Probe  
  61  5:22  Gateway  
  61  5:23  Gateway  
  61  5:29  Probe  
  61  5:30  Gateway  
  62  5:38  Pylon  
  62  5:42  Pylon  
  62  5:46  Pylon  
  62  5:51  Immortal  
  62  5:56  Probe x2  
  68  6:02  Pylon  
  68  6:07  Pylon  
  68  6:08  Probe  
  68  6:10  Assimilator  
  69  6:11  Probe  
  70  6:20  Probe, Zealot x2  
  61  6:44  Adept x2  
  65  6:49  Adept x3  
  71  7:07  Adept x2  
  71  7:19  Adept x3  
  63  7:39  Adept  
  63  7:40  Adept x4  
  63  7:53  Probe x2  
  61  8:01  Adept x5  
  59  8:29  Adept x2  
  59  8:30  Adept x3  
  59  8:56  Adept x3  
  59  8:57  Adept x2  
  63  9:28  Immortal  
  63  9:29  Adept x4  
  63  9:30  Adept  
  73  10:01  Probe x2  
  73  10:03  Adept x3  
  73  10:04  Adept x2  
  75  10:24  Adept x5  
Tags
 
Add a new tag
Caveats
  • Supply blocks, unpowered buildings, or Contaminate may cause inaccurate times.
  • Supply counts are checked every 10 seconds.